 Dungeon Crawl Stone Soup version 0.28.0 (webtiles) character file.

Game seed: 14942851987066510404

203 Arcadio the Sneak (level 5, 0/69 HPs)
             Began as a Naga Hedge Wizard on Feb 10, 2022.
             Slain by an orc (4 damage)
             ... on level 3 of the Dungeon.
             The game lasted 00:16:52 (3853 turns).

Arcadio the Sneak (Naga Hedge Wizard)               Turns: 3853, Time: 00:16:53

Health: 0/69       AC:  2    Str: 13    XL:     5   Next: 81%
Magic:  5/10       EV:  9    Int: 16    God:
Gold:   127        SH:  0    Dex: 10    Spells: 3/11 levels left

rFire   x . .      SeeInvis +   a - +0 dagger
rCold   + . .      Faith    .   (no shield)
rNeg    . . .      Spirit   .   b - +0 robe
rPois   +          Reflect  .   c - +0 hat
rElec   .          Harm     .   (no cloak)
rCorr   .          Rampage  .   (no gloves)
Will    .....                   (no barding)
Stlth   ..........              (no amulet)
HPRegen 0.21/turn               f - ring of ice
MPRegen 0.12/turn               g - ring of wizardry

@: berserking, on blink cooldown, quick
A: AC +1, large, see invisible, deformed body, poison resistance, slowness 2,
spit poison 1, naga tail 1
a: Spit Poison


You were on level 3 of the Dungeon.
You visited 1 branch of the dungeon, and saw 3 of its levels.

You collected 127 gold pieces.

Inventory:

Hand Weapons
 a - a +0 dagger (weapon)
Missiles
 o - 4 curare-tipped darts
Armour
 b - a +0 robe (worn)
 c - a +0 hat (worn)
Jewellery
 f - a ring of ice (left hand)
 g - a ring of wizardry (right hand)
Scrolls
 d - a scroll of fear {unknown}
 e - a scroll of acquirement {unknown}
 j - 3 scrolls of noise {unknown}
 k - a scroll of enchant weapon {unknown}
 l - a scroll of magic mapping {unknown}
 m - a scroll of blinking {unknown}
 p - a scroll of identify
Potions
 i - 2 potions of curing
 n - 2 potions of mutation
 q - a potion of might {unknown}


   Skills:
 + Level 2.4 Fighting
 - Level 1.5 Dodging
 + Level 5.1 Stealth
 + Level 3.9 Spellcasting
 + Level 2.8 Conjurations
 - Level 1.0 Summonings
 - Level 1.0 Translocations


You had 3 spell levels left.
You knew the following spells:

 Your Spells              Type           Power      Damage    Failure   Level
a - Magic Dart            Conj           48%        1d5       2%          1
b - Blink                 Tloc           12%        N/A       7%          2
c - Call Imp              Summ           6%         N/A       7%          2
d - Mephitic Cloud        Conj/Pois/Air  6%         N/A       14%         3

Your spell library contained the following spells:

 Spells                   Type           Power      Damage    Failure   Level
 Slow                     Hex            12%        N/A       7%          1
 Conjure Flame            Conj/Fire      7%         6-21      12%         3


Dungeon Overview and Level Annotations

Branches:
Dungeon (3/15)

Altars:
Elyvilon


Innate Abilities, Weirdness & Mutations

Your serpentine skin is tough. (AC +1)
You have supernaturally acute eyesight. (SInv)
Armour fits poorly on your strangely shaped body.
Your system is resistant to poisons. (rPois)
You cover ground very slowly.
You can spit poison.
You have a snake-like lower body.


Message History

The orc wizard hits your crimson imp with a +0 dagger.
Your crimson imp barely misses the orc wizard.
An orc comes into view. It is wielding a +0 whip.
Aiming: Spit Poison (1% risk of failure)
Press: ? - help, Shift-Dir - straight line, f/p - orc wizard
Aim: an orc wizard, wielding a +0 dagger and wearing a +2 robe of positive energy (ally target, 50% to hit)
The splash of poison hits the orc wizard.
The orc wizard is poisoned.
The orc wizard is lightly wounded.
The orc wizard gestures at you while chanting.
The puff of flame hits you! The fire burns you terribly!
Your crimson imp hits the orc wizard.
Casting: Magic Dart (safe; 2% risk of failure)
Confirm with . or Enter, or press ? or * to list all spells.
You blink.
The orc wizard shouts!
The orc wizard casts a spell.
The orc wizard flickers and vanishes for a moment.
The kobold hits you with a +0 short sword.
The orc barely misses you.
The orc priest begins to cast a cantrip, but forgets the words!
A red film seems to cover your vision as you go berserk!
You feel yourself moving faster!
You feel mighty!
Your crimson imp blinks!
The kobold closely misses you. The orc barely misses you.
The orc priest invokes the aid of Beogh against you.
Beogh smites you!
* * * LOW HITPOINT WARNING * * *
You completely miss the kobold. The kobold barely misses you.
You barely miss the kobold.
You have got your breath back.
The orc barely misses you. The orc wizard casts a spell at you.
The puff of flame hits you! The fire burns you terribly!
* * * LOW HITPOINT WARNING * * *
You are too berserk!
You hit the orc wizard.
The orc wizard is severely wounded.
The kobold closely misses you. The orc hits you with a +0 whip.
You die...

.........####......#
..n.............)..#
...........)..#
..............#
###.........###
#.........#
#######'#.# #.K.#
###o@#####
#.?oo......#
#..o>......+
#..........#
#...........#
#.....#######
#.....# #.....#
#..o..#


You could see an orc priest, 2 orc wizards, an orc and a kobold.

Vanquished Creatures
  3 gnolls (D:3)
  A worm (D:2)
  2 dart slugs
  3 orcs (D:3)
  3 ball pythons
  3 endoplasms
  2 giant cockroaches
  6 goblins
  4 hobgoblins
  2 jackals (D:2)
  3 quokkas (D:1)
  5 bats
  5 frilled lizards
  4 kobolds
  7 rats
53 creatures vanquished.

Vanquished Creatures (collateral kills)
  A black bear (D:3)
  A gnoll (D:3)
  2 worms
  A dart slug (D:2)
  An orc (D:3)
6 creatures vanquished.

Grand Total: 59 creatures vanquished

Notes
Turn   | Place    | Note
-------+----------+-------------------------------------------
     0 | D:1      | Arcadio the Naga Hedge Wizard began the quest for the Orb.
     0 | D:1      | Reached XP level 1. HP: 15/15 MP: 4/4
   336 | D:1      | Reached XP level 2. HP: 11/24 MP: 0/6
   500 | D:1      | Learned a level 2 spell: Blink
   503 | D:1      | Learned a level 2 spell: Call Imp
  1106 | D:1      | Reached skill level 1 in Fighting
  1224 | D:1      | Reached XP level 3. HP: 31/31 MP: 7/7
  2186 | D:2      | Found a faded altar of an unknown god.
  2416 | D:2      | Reached skill level 4 in Stealth
  2759 | D:3      | Reached XP level 4. HP: 38/38 MP: 7/9
  2792 | D:3      | Found a white marble altar of Elyvilon.
  2880 | D:3      | Noticed a black bear
  2886 | D:3      | Killed a black bear
  2887 | D:3      | Reached XP level 5. HP: 32/45 MP: 5/10
  3107 | D:3      | Reached skill level 5 in Stealth
  3596 | D:3      | Noticed a necrophage
  3603 | D:3      | Learned a level 3 spell: Mephitic Cloud
  3853 | D:3      | Slain by an orc

Illustrated notes

Levels and vault maps discovered:
D:1:      psy_arrival_conway, layout_basic, serial_park_tiny_pond
D:2:      layout_basic, hellmonk_ecumenical_altar_leap_of_faith, st_stairs_7,
          minmay_strange_pillars
D:3:      layout_basic, nicolae_elyvilon_peaceful_grove

Skill      XL: |  1  2  3  4  5 |
---------------+----------------+-----
Fighting       | 1 2 |  2.4
Stealth        | 4 5 |  5.1
Conjurations   | 2 |  2.8
Dodging        | |  1.5
Spellcasting   | |  3.9
Summonings     | |  1.0
Translocations | |  1.0

Action                   |  1- 3 |  4- 6 || total
-------------------------+-------+-------++-------
Melee: Dagger            |    24 |    15 ||    39
 Cast: Magic Dart        |    81 |    28 ||   109
       Call Imp          |     2 |     8 ||    10
       Blink             |       |     1 ||     1
 Abil: Spit Poison       |    15 |     9 ||    24
  Use: Scroll            |     2 |     1 ||     3
       Potion            |       |     1 ||     1
 Stab: Sleeping          |     1 |       ||     1
Armor: Robe              |     3 |     2 ||     5
Dodge: Dodged            |    13 |    14 ||    27
